 Dungeon Crawl Stone Soup version 0.30-a0-634-g8abc85282e (webtiles) character file.

Game seed: 1865694716167299185

112 Leeroy the Slasher (level 4, 0/26 HPs)
             Began as a Tengu Warper on Jan 14, 2023.
             Slain by Terence
             ... wielding a +0 flail
              (9 damage)
             ... on level 3 of the Dungeon.
             The game lasted 00:06:35 (2126 turns).

Leeroy the Slasher (Tengu Warper)                   Turns: 2126, Time: 00:06:36

Health: 0/26       AC:  3    Str: 13    XL:     4   Next: 93%
Magic:  8/8        EV: 12    Int: 14    God:
Gold:   109        SH:  0    Dex: 19    Spells: 2/7 levels left

rFire   . . .      SeeInvis .    y - +7 spear of the Endless March {vamp, Will+ rCorr Str+2 Dex+4}
rCold   . . .      Faith    .    (no shield)
rNeg    . . .      Spirit   .    b - +0 leather armour
rPois   .          Reflect  .    (helmet restricted)
rElec   .          Harm     .    (no cloak)
rCorr   +          Rampage  .    (no gloves)
Will    +....                    (boots unavailable)
Stlth   +                        h - amulet of the acrobat
HPRegen 0.24/turn                (no ring)
MPRegen 0.11/turn                (no ring)

@: no status effects
A: beak, talons 3
a: no special abilities


You were on level 3 of the Dungeon.
You visited 1 branch of the dungeon, and saw 3 of its levels.

You collected 109 gold pieces.

Inventory:

Hand Weapons
 a - a +0 falchion
 i - a +2 whip of venom
 y - the +7 spear of the Endless March (weapon) {vamp, Will+ rCorr Str+2 Dex+4}
   (You found it on level 3 of the Dungeon)

   Str:       It affects your strength (+2).
   Dex:       It affects your dexterity (+4).
   rCorr:     It protects you from acid and corrosion.
   Will:      It increases your willpower.
Missiles
 d - 7 boomerangs of dispersal (quivered)
 f - 4 poisoned darts
Armour
 b - a +0 leather armour (worn)
Jewellery
 h - an amulet of the acrobat (around neck)
 x - a ring of positive energy
Scrolls
 c - 2 scrolls of blinking
 e - a scroll of immolation {unknown}
 g - 3 scrolls of silence {unknown}
 k - 2 scrolls of identify {unknown}
 m - a scroll of summoning {unknown}
 p - a scroll of magic mapping {unknown}
 r - 2 scrolls of teleportation {unknown}
 s - a scroll of poison {unknown}
 z - a scroll of torment {unknown}
Potions
 j - 2 potions of mutation {unknown}
 l - a potion of brilliance {unknown}
 n - a potion of berserk rage {unknown}
 o - a potion of cancellation {unknown}
 q - 2 potions of curing {unknown}
 t - a potion of haste {unknown}
 u - a potion of attraction {unknown}
 v - a potion of heal wounds {unknown}
 w - a potion of might {unknown}
 A - a potion of flight {unknown}


   Skills:
 - Level 2.0 Fighting
 - Level 4.5 Long Blades
 - Level 1.0 Throwing
 - Level 1.1 Armour
 - Level 2.1 Dodging
 - Level 2.0 Spellcasting
 - Level 2.4 Translocations
 + Level 3.2 Air Magic


You had 2 spell levels left.
You knew the following spells:

 Your Spells              Type           Power      Damage    Failure   Level
a - Blink                 Tloc           16%        N/A       17%         2
b - Vhi's Electric Charg  Tloc/Air       18%        N/A       28%         3

Your spell library contained the following spells:

 Spells                   Type           Power      Damage    Failure   Level
 Apportation              Tloc           16%        N/A       12%         1
 Lesser Beckoning         Tloc           16%        N/A       34%         3
 Teleport Other           Tloc           8%         N/A       34%         3
 Manifold Assault         Tloc           8%         N/A       75%         4
 Alistair's Intoxication  Tmut/Pois      0%         N/A       100%        5


Dungeon Overview and Level Annotations

Branches:
Dungeon (3/15)

Altars:
Makhleb

Annotations:
D:3 Terence


Innate Abilities, Weirdness & Mutations

You have a beak for a mouth.
You have claws for feet.


Message History

The endoplasm quivers.
You puncture the endoplasm!
You kill the endoplasm!
No target in view!
No target in view!
No target in view!
No target in view!
Terence the Incautious comes into view.
He is wielding a +0 flail.
A rat comes into view.
Terence says, "Time to say good-bye..."
You reach to attack!
You hit Terence but do no damage. You hit Terence.
Terence is lightly wounded.
Terence barely misses you.
You hit Terence. You peck Terence, but do no damage.
Terence is moderately wounded.
Terence closely misses you.
You barely miss Terence. You peck Terence, but do no damage.
Terence is moderately wounded.
Terence closely misses you.
You barely miss Terence. You claw Terence, but do no damage.
You peck Terence, but do no damage.
Terence is moderately wounded.
Terence hits you with a +0 flail. Terence barely misses you.
You hit Terence but do no damage. Your peck misses Terence.
Terence is moderately wounded.
Terence hits you with a +0 flail.
You hit Terence but do no damage.
Terence is moderately wounded.
Terence hits you with a +0 flail!
You hit Terence but do no damage.
Terence is moderately wounded.
Terence closely misses you.
You puncture Terence!
Terence is severely wounded.
Terence hits you with a +0 flail.
You hit Terence.
You feel better.
You claw Terence, but do no damage.
Terence is almost dead.
Terence hits you with a +0 flail!
You die...

.#.†#.#..#.###.#
.#..+.†).#.#...#
.####.####.###.#
...^.......###.#######.#
##########†#...........#
#............######
######.....#.# #.###.#.#
#.# #.#@# #.# #.#@# #.#
#.#r# #.# #.# #.#.# #.#
#.# ... #.# #.# ... #.#
#.# ... #.# #.# ##.##
#.# #.#


You could see Terence and a rat.

Vanquished Creatures
  Natasha (D:3)
  3 adders
  A dart slug (D:3)
  10 bats
  4 endoplasms
  5 giant cockroaches
  2 hobgoblins (D:2)
  3 kobolds
  5 quokkas
  6 ball pythons
  10 frilled lizards
  3 goblins
  5 rats
58 creatures vanquished.

Notes
Turn   | Place    | Note
-------+----------+-------------------------------------------
     0 | D:1      | Leeroy the Tengu Warper began the quest for the Orb.
     0 | D:1      | Reached XP level 1. HP: 12/12 MP: 4/4
     2 | D:1      | Noticed an octopode
     2 | D:1      | Noticed a tengu
     4 | D:1      | Noticed a gargoyle
     4 | D:1      | Noticed a demigod
     6 | D:1      | Noticed a human
     6 | D:1      | Noticed a vine stalker
     8 | D:1      | Noticed a formicid
     8 | D:1      | Noticed a vampire
    10 | D:1      | Noticed a naga
    12 | D:1      | Noticed a meteoran
    12 | D:1      | Noticed a ghoul
    14 | D:1      | Noticed a spriggan
    16 | D:1      | Noticed a demonspawn
    16 | D:1      | Noticed an ogre
    18 | D:1      | Noticed a merfolk
    18 | D:1      | Noticed an armataur
    20 | D:1      | Noticed a minotaur
    20 | D:1      | Noticed a draconian
    22 | D:1      | Noticed a troll
    22 | D:1      | Noticed an elf
    26 | D:1      | Noticed an elf
    26 | D:1      | Noticed a felid
   421 | D:1      | Reached skill level 3 in Long Blades
   421 | D:1      | Reached XP level 2. HP: 17/17 MP: 6/6
   968 | D:2      | Reached XP level 3. HP: 19/21 MP: 7/7
  1090 | D:2      | Found a burning altar of Makhleb.
  1107 | D:2      | Reached skill level 4 in Long Blades
  1312 | D:2      | Learned a level 2 spell: Blink
  1316 | D:2      | Learned a level 3 spell: Vhi's Electric Charge
  1722 | D:3      | Identified the +7 spear of the Endless March {vamp, Will+
                  | rCorr Str+2 Dex+4}
  1801 | D:3      | Reached XP level 4. HP: 26/26 MP: 8/8
  1809 | D:3      | Reached skill level 1 in Air Magic
  1876 | D:3      | Noticed Natasha
  1883 | D:3      | Killed Natasha
  2113 | D:3      | Noticed Terence
  2126 | D:3      | Slain by Terence

Illustrated notes

Levels and vault maps discovered:
D:1:      kb_arrival_jail, layout_loops_ring
D:2:      minmay_general_purpose_star, layout_basic, basic_altar,
          serial_corexii_hall, chequers_hall_statues_y, corexii_hall_statues_l
D:3:      minmay_door_path, layout_loops_ring, uniq_terence, uniq_natasha

Skill      XL: |  1  2  3  4 |
---------------+-------------+-----
Long Blades    | 3 4 |  4.5
Air Magic      | 3 |  3.2
Fighting       | |  2.0
Throwing       | |  1.0
Armour         | |  1.1
Dodging        | |  2.1
Spellcasting   | |  2.0
Translocations | |  2.4

Action                   |  1- 3 |  4- 6 || total
-------------------------+-------+-------++-------
Melee: Falchion          |    93 |       ||    93
       Kick              |    14 |     5 ||    19
       Punch             |     1 |       ||     1
       Peck              |     8 |     8 ||    16
       Spear             |     4 |    46 ||    50
 Stab: Sleeping          |     1 |     5 ||     6
Armor: Leather armour    |    16 |     7 ||    23
Dodge: Dodged            |    70 |    17 ||    87

Table legend: (Time is in decaauts)
 A = Elapsed time spent in this place.
 B = Non-inter-level travel time spent in this place.
 C = Inter-level travel time spent in this place.
 D = Time resting spent in this place.
 E = Time spent auto-exploring this place.
 F = Levels seen in this place.
 G = Mean time per level.
                   A        B        C        D        E       F      G
               +--------+--------+--------+--------+--------+-----+--------+
         Total |   2141 |   2070 |     71 |      0 |   1632 |   3 |  713.7 |
       Dungeon |   2141 |   2070 |     71 |      0 |   1632 |   3 |  713.7 |
               +--------+--------+--------+--------+--------+-----+--------+

Top non-repeatable levels by time:
     D:2: 960 daAuts
     D:1: 766 daAuts
     D:3: 415 daAuts
